 Seeded DCSS version 0.31-a0-640-g39d97e5 (webtiles) character file.

Game seed: 466240556410076825 (custom seed)

194320 BarneyGumball the Spear-Bearer (level 18, -4/145 HPs)
             Began as a Gnoll Chaos Knight on Aug 27, 2023.
             Was a Plaything of Xom.
             Slain by a ghost moth (11 damage)
             ... on level 4 of the Spider Nest on Aug 28, 2023.
             The game lasted 03:17:25 (26238 turns).

BarneyGumball the Spear-Bearer (GnCK)              Turns: 26238, Time: 03:17:25

Health: -4/145     AC: 19    Str: 28 (30) XL:     18   Next: 30%
Magic:  0/46       EV: 14    Int: 22 (23) God:    Xom [......]
Gold:   1491       SH: 17    Dex:  9 (10) Spells: 23/41 levels left

rFire   + . .        a - +6 Majin-Bo {spellvamp, MP+6 Int+6}
rCold   + + .        E - +1 tower shield of the Ego {Int+6}
rNeg    . . .        V - +2 steam dragon scales
rPois   +            (helmet restricted)
rElec   +            k - scarf {rC+ rF+}
rCorr   .            M - +0 pair of gloves
SInv    .            P - +2 pair of boots {Stlth+}
Will    ++...        u - amulet of regeneration
Stlth   ++++++       F - +6 ring of strength
HPRegen 1.24/turn    t - +4 ring of slaying
MPRegen 0.30/turn

%: clarity
@: about to teleport, spiked, slowed, very slow
A: fangs 1, strong nose, distributed training, horns 1, talons 1, iridescent
scales 2, clarity, cold resistance 1, high MP 2, strong-willed 1, sense
surroundings 1, poison resistance, electricity resistance, strong 1, wild magic
1, evolution 1, MP-powered wands
}: 1/15 runes: decaying
a: Renounce Religion


You were on level 4 of the Spider Nest.
You worshipped Xom.
You were a very special plaything of Xom.
You visited 5 branches of the dungeon, and saw 26 of its levels.
You also visited: Sewer and Gauntlet.

You collected 3147 gold pieces.
You spent 1656 gold pieces at shops.

Inventory:

Hand Weapons
 a - the +6 Majin-Bo (weapon) {spellvamp, MP+6 Int+6}
   (Xom gifted it to you on level 10 of the Dungeon)

   Int+6:     It affects your intelligence (+6).
   MP+6:      It affects your magic capacity (+6).
 b - a +4 sling of freezing
 K - the +5 trident "Zoschaeby" {spect, +Blink Fly Int+4}
   (You found it on level 5 of the Lair of Beasts)

   Int+4:     It affects your intelligence (+4).
   Fly:       It grants you flight.
   +Blink:    It lets you blink.
 X - the +0 hand axe of the Distant Future {pain, rElec Will+ Str+5 Dex+4}
   (You took it off an orc priest on level 8 of the Dungeon)

   Str+5:     It affects your strength (+5).
   Dex+4:     It affects your dexterity (+4).
   rElec:     It insulates you from electricity.
   Will+:     It increases your willpower.
 Z - a +0 antimagic spear
Missiles
 I - 7 silver javelins
Armour
 c - a +2 plate armour of fire resistance
 k - a scarf of resistance (worn)
 D - an orb of light
 E - the +1 tower shield of the Ego (worn) {Int+6}
   (You took it off a wight on level 8 of the Dungeon)

   Int+6:     It affects your intelligence (+6).
 M - a +0 pair of gloves (worn)
 N - a +2 leather armour of fire resistance
 P - a +2 pair of boots of stealth (worn)
 V - +2 steam dragon scales (worn)
Jewellery
 m - a ring of flight
 t - a +4 ring of slaying (right hand)
 u - an amulet of regeneration (around neck)
 F - a +6 ring of strength (left hand)
 J - an amulet of guardian spirit
 U - the amulet "Leguolon" {Acrobat rElec}
   (Xom gifted it to you on level 10 of the Dungeon)

   [amulet of the acrobat]

   Acrobat:   It increases your evasion while moving and waiting.
   rElec:     It insulates you from electricity.
Wands
 y - a wand of paralysis (19)
 C - a wand of iceblast (20)
 G - a wand of digging (15)
 L - a wand of mindburst (1)
 Q - a wand of polymorph (13)
 R - a wand of quicksilver (43)
 Y - a wand of flame (20)
Scrolls
 e - 3 scrolls of enchant weapon
 g - 3 scrolls of fear
 i - a scroll of teleportation
 j - a scroll of revelation
 o - 4 scrolls of brand weapon
 p - 9 scrolls of identify
 q - a scroll of poison
 r - 3 scrolls of fog
 s - a scroll of amnesia
 z - 4 scrolls of silence
 B - 2 scrolls of enchant armour
 H - a scroll of immolation
 T - a scroll of blinking
Potions
 d - 3 potions of lignification
 f - 7 potions of curing
 h - 3 potions of enlightenment
 l - 3 potions of brilliance
 n - a potion of berserk rage
 v - a potion of cancellation
 x - 4 potions of mutation
 O - a potion of might
 W - 3 potions of attraction
Miscellaneous
 w - a phantom mirror
 S - a tin of tremorstones (inert)


   Skills:
 + Level 13.6 Fighting
 + Level 12.1 Short Blades
 + Level 12.1 Long Blades
 + Level 12.1 Axes
 + Level 12.1 Maces & Flails
 + Level 13.6 Polearms
 + Level 12.1 Staves
 + Level 12.1 Ranged Weapons
 + Level 12.1 Throwing
 + Level 12.9 Armour
 + Level 12.4 Dodging
 + Level 12.1 Stealth
 + Level 12.1 Shields
 + Level 12.1 Unarmed Combat
 + Level 12.1 Spellcasting
 + Level 10.2 Conjurations
 + Level 10.2 Hexes
 + Level 10.2 Summonings
 + Level 10.2 Necromancy
 + Level 10.2 Translocations
 + Level 10.2 Transmutations
 + Level 10.2 Fire Magic
 + Level 10.2 Ice Magic
 + Level 10.2 Air Magic
 + Level 10.2 Earth Magic
 + Level 10.2 Poison Magic
 + Level 13.1 Invocations
 + Level 12.1 Evocations
 + Level 11.1 Shapeshifting


You had 23 spell levels left.
You knew the following spells:

 Your Spells              Type           Power      Damage    Failure   Level
a - Mephitic Cloud        Conj/Pois/Air  66%        N/A       1%          3
b - Manifold Assault      Tloc           66%        N/A       3%          4
c - Leda's Liquefaction   Hex/Erth       33%        N/A       3%          4
d - Apportation           Tloc           100%       N/A       1%          1
e - Portal Projectile     Hex/Tloc       100%       N/A       1%          3
f - Stone Arrow           Conj/Erth      100%       3d13      1%          3

Your spell library contained the following spells:

 Spells                   Type           Power      Damage    Failure   Level
 Necrotise                Necr           100%       1d9       1%          1
 Sandblast                Erth           100%       2d20      1%          1
 Summon Small Mammal      Summ           100%       N/A       1%          1
 Passwall                 Tmut/Erth      55%        N/A       1%          2
 Poisonous Vapours        Pois/Air       100%       N/A       1%          2
 Hailstorm                Conj/Ice       66%        3d14      1%          3
 Ignite Poison            Fire/Tmut/Pois 66%        N/A       1%          3
 Inner Flame              Hex/Fire       66%        N/A       1%          3
 Volatile Blastmotes      Fire/Tloc      100%       2d18      1%          3
 Anguish                  Hex/Necr       33%        N/A       3%          4
 Animate Dead             Necr           66%        N/A       3%          4
 Flame Wave               Conj/Fire      66%        2d15      3%          4
 Iskenderun's Mystic Bla  Conj/Tloc      66%        2d14      3%          4
 Sticky Flame             Conj/Fire      66%        2d8       3%          4
 Summon Ice Beast         Ice/Summ       66%        N/A       3%          4
 Vhi's Electric Charge    Tloc/Air       100%       N/A       3%          4
 Arcjolt                  Conj/Air       33%        1d43      9%          5
 Freezing Cloud           Conj/Ice/Air   33%        6-21      9%          5
 Lee's Rapid Deconstruct  Erth           33%        3d17*     9%          5
 Dispersal                Tloc           33%        N/A       36%         6
 Leda's Unmaking          Conj/Erth      33%        9d6       36%         6
 Plasma Beam              Fire/Air       33%        2x1d46    36%         6
 Simulacrum               Ice/Necr       33%        N/A       36%         6
 Starburst                Conj/Fire      33%        6d10      36%         6
 Haunt                    Necr/Summ      33%        N/A       89%         7
 Disjunction              Tloc           33%        N/A       100%        8
 Ignition                 Fire           33%        3d10      100%        8
 Infestation              Necr           33%        N/A       100%        8


Dungeon Overview and Level Annotations

Branches:
Dungeon (11/15)            Temple (0/1) D:6            Lair (5/5) D:8
  Swamp (4/4) Lair:3       Spider (4/4) Lair:3        Slime (0/5) Lair:5
    Orc (2/2) D:11            Elf (0/3) Orc:2         Sewer (visited)
Gauntlet (visited)

Altars:
Cheibriados
Fedhas
Gozag
Makhleb
Nemelex Xobeh
Sif Muna
Trog
Vehumet
Wu Jian
Xom
Yredelemnul
The Shining One
Jiyva

Shops:
D:10 !   Orc:2 ![:[

Annotations:
D:5 1 runed translucent door, strontium90w's ghost, amateur TrAE
Lair:3 2 transporters, Dikli's ghost, journeyman MiBe
Spider:3 Roxanne
Orc:2 2 transporters, strontium90w's ghost, journeyman DsGl


Innate Abilities, Weirdness & Mutations

You have very sharp teeth.
Your uncanny sense of smell can sniff out nearby items.
Your experience applies equally to all skills.
You have a pair of small horns on your head.
You have sharp toenails.
You are mostly covered in iridescent scales. (AC +4)
You possess an exceptional clarity of mind.
Your flesh is cold resistant. (rC+)
You have a considerably increased reservoir of magic. (+20% MP)
You are strong-willed. (Will+)
You passively map a small area around you.
Your system is resistant to poisons. (rPois)
You are resistant to electric shocks. (rElec)
Your muscles are strong. (Str +4, Int/Dex -1)
Your spells are a little harder to cast, but a little more powerful.
You have hidden genetic potential.
You expend magic power (3 MP) to strengthen your wands.


Message History

Okay, then.
Okay, then.
You thump the torpor snail! You headbutt the torpor snail!
The torpor snail is heavily wounded.
The torpor snail seems less confused.
The wolf spider seems less confused.
The redback is engulfed in poison gas.
The redback looks even sicker.
The wolf spider closely misses you. The wolf spider bites you.
Something hits you.
You feel dopey. Something hits you.
* * * LOW HITPOINT WARNING * * *
Something stings you.
* * * LOW HITPOINT WARNING * * *
You feel you are being watched by something.
Something hits you!
* * * LOW HITPOINT WARNING * * *
You block something's attack. Something barely misses you.
The redback is engulfed in poison gas.
The redback looks even sicker.
The jumping spider is engulfed in poison gas.
The jumping spider is poisoned.
The jumping spider leaps!
The steelbarb worm is engulfed in noxious fumes.
The steelbarb worm misses you.
The wolf spider is engulfed in noxious fumes.
The wolf spider appears confused.
The wolf spider barely misses you.
The wolf spider bites you but does no damage.
The wolf spider closely misses you. The wolf spider completely misses you.
Something hits you!
* * * LOW HITPOINT WARNING * * *
You feel weakened. Something barely misses you.
Something stings you but does no damage.
The torpor snail is engulfed in noxious fumes.
The torpor snail appears confused.
You block the torpor snail's attack.
You feel you are being watched by something.
Something hits you.
* * * LOW HITPOINT WARNING * * *
You feel weakened. Something hits you but does no damage. Something stings you!
You die...
Xom giggles madly!

*,..#[.##..^*..#...***,**,,,*
*,.^.^.☼☼☼§##§§#§§§,,^,,***,*
####.##.§.§§#§§.§§#*,,,*^****
#....§§.#§§§#§§§§..,,*,,,*
#....☼§§.§#§.§.§#,#.,*****
##.###§#§.§§§..§#§§§,**
#....§§§☼§#§§#☼§§§§§,^*** **
###..§§§§§§.§w○☼§§§§,^,,****,
#...^..#.#§s@s#~...#,,,,*~,,,
#^#.##...##{ws☼§§☼##**~^,^,,,
#...#.##..§#§§§☼§☼#**^^,,~~~~
#......§☼☼§#§§.§§##*,~,,~~***
#....§§§§§..§☼☼###**,~,,~**~,
#..^.#####.§§§§#,^**,^,,,*,,~
####..^.^..§§#☼☼,****,,,,*,,,
#........§#§#.§§,* **,,~****
*##^.^.......#..#^****^,,,^~*


You could see a steelbarb worm (extremely poisoned), a torpor snail (confused,
poisoned), 2 wolf spiders and a redback (very poisoned).

Vanquished Creatures
  Mlioglotl (Spider:1)
  3 thorn hunters (Swamp:4)
  Aizul (Spider:3)
  3 emperor scorpions
  2 ghost moths
  3 eleionomae
  A vampire knight (Swamp:4)
  Azrael (Orc:2)
  A bunyip (Swamp:1)
  A minotaur (Gauntlet)
  2 spark wasps
  Snorg (D:10)
  3 entropy weavers
  A shambling mangrove (Swamp:4)
  20 hydras
  2 catoblepae (Lair:5)
  5 boulder beetles
  A radroach (Spider:2)
  3 ogre magi (Orc:2)
  A jorogumo (Spider:2)
  9 two-headed ogres
  6 alligators
  A death scarab (Spider:3)
  4 demonic crawlers
  Urug (D:11)
  Amaemon (D:8)
  6 skysharks
  2 goliath frogs
  2 sixfirhies (Gauntlet)
  3 pharaoh ants
  4 spriggan druids
  2 sea snakes (Lair:5)
  4 orb spiders
  A flayed ghost (Swamp:4)
  2 deep trolls (Orc:2)
  9 swamp dragons
  3 bog bodies
  2 spectral hydras (Swamp:4)
  A harpy (Lair:5)
  A steelbarb worm (Spider:1)
  2 wizards (Gauntlet)
  An orc knight (Orc:1)
  3 cyclopes
  10 wolf spiders
  5 will-o-the-wisps
  3 oklob plants (Swamp:4)
  5 moths of wrath
  Maurice (D:8)
  Joseph (D:8)
  6 black mambas
  An apocalypse crab (Spider:1)
  9 cane toads
  2 gargoyles (D:11)
  Jeremiah (D:7)
  3 torpor snails (Spider:2)
  Psyche (D:11)
  2 unseen horrors (D:11)
  6 rime drakes
  5 komodo dragons
  A death drake zombie (Swamp:4)
  3 hydra zombies (Swamp:4)
  3 polar bears
  10 trolls
  4 hornets
  3 meliai (Spider:1)
  6 tyrant leeches
  2 wind drakes (Lair:5)
  4 hydra skeletons (Swamp:4)
  10 blink frogs
  A snapping turtle (Lair:5)
  16 tarantellas
  17 jumping spiders
  15 culicivoras
  39 yaks
  7 wyverns
  5 spriggans (Swamp:2)
  A vampire (D:9)
  A hog (D:11)
  2 wraiths (D:11)
  64 redbacks
  4 basilisks
  5 fire elementals (Orc:2)
  4 steam dragons
  9 vampire mosquitoes
  9 swamp worms
  13 water moccasins
  5 wargs
  4 hydra simulacra (Swamp:4)
  2 acid dragons
  2 swamp drakes
  Duvessa (D:5)
  2 hell hounds (Orc:2)
  Pargi (Sewer)
  19 orc warriors
  3 ice beasts
  A black bear (D:6)
  3 swamp dragon zombies (Swamp:4)
  14 wolves
  21 ogres
  2 centaurs
  A phantom (D:5)
  2 kobold brigands
  A scorpion (D:4)
  11 bullfrogs
  11 wights (D:8)
  Dowan (D:5)
  6 killer bees (D:7)
  4 howler monkeys
  10 electric eels
  2 jellies
  3 hounds
  12 orc priests
  3 iguanas
  24 orc wizards
  A sleepcap (D:4)
  Ijyb (D:4)
  Natasha (thrice) (D:2)
  5 hell rats (Lair:4)
  Robin (D:2)
  11 adders
  2 shadow imps (Gauntlet)
  A white imp (Gauntlet)
  2 worms
  2 dart slugs
  57 orcs
  3 endoplasms
  4 giant cockroaches
  15 goblins
  15 hobgoblins
  6 jackals
  6 quokkas
  5 ball pythons
  3 bats
  3 frilled lizards
  15 kobolds
  7 rats
784 creatures vanquished.

Vanquished Creatures (collateral kills)
  A vampire knight (Swamp:4)
  A hydra (Lair:5)
  Erica (Lair:2)
  A merfolk avatar (Lair:5)
  A swamp dragon (Spider:2)
  A wolf spider (Spider:1)
  An orange demon (D:8)
  Maggie (D:10)
  A komodo dragon (Lair:5)
  3 cane toads
  A rime drake (Lair:5)
  A troll (D:9)
  A polar bear (Lair:5)
  A tarantella (Spider:2)
  A hornet (Swamp:2)
  2 jumping spiders (Spider:1)
  A wyvern (Lair:5)
  8 redbacks
  A kobold brigand (D:7)
  A wight (D:8)
  3 killer bees (D:10)
  An orc wizard (D:8)
  2 orcs
  4 kobolds (D:7)
40 creatures vanquished.

Vanquished Creatures (others)
  A spriggan druid (Swamp:2)
  A wolf spider (Spider:4)
  A tyrant leech (Swamp:3)
  2 bloated husks
  3 tarantellas
  A death drake zombie (Swamp:4)
  A culicivora (Spider:4)
  2 redbacks
  A swamp worm (Swamp:2)
  A goblin zombie (D:4)
  21 foxfires
35 creatures vanquished.

Grand Total: 859 creatures vanquished

Notes
Turn   | Place    | Note
-------+----------+-------------------------------------------
     0 | D:1      | BarneyGumball the Gnoll Chaos Knight began the quest for
                  | the Orb.
     0 | D:1      | Reached XP level 1. HP: 23/23 MP: 1/1
   157 | D:1      | Reached XP level 2. HP: 29/29 MP: 2/2
   725 | D:1      | XOM: noise
   863 | D:2      | Noticed Natasha
   865 | D:2      | Noticed Robin
   880 | D:2      | Reached XP level 3. HP: 35/35 MP: 3/3
   926 | D:2      | Reached skill level 1 in Invocations
   951 | D:2      | Killed Robin
   952 | D:2      | Reached skill level 1 in Short Blades
   952 | D:2      | Reached skill level 1 in Long Blades
   952 | D:2      | Reached skill level 1 in Axes
   952 | D:2      | Reached skill level 1 in Maces & Flails
   952 | D:2      | Reached skill level 1 in Staves
   952 | D:2      | Reached skill level 1 in Ranged Weapons
   952 | D:2      | Reached skill level 1 in Throwing
   952 | D:2      | Reached skill level 1 in Stealth
   952 | D:2      | Reached skill level 1 in Shields
   952 | D:2      | Reached skill level 1 in Unarmed Combat
   952 | D:2      | Reached skill level 1 in Spellcasting
   952 | D:2      | Reached skill level 1 in Evocations
  1022 | D:2      | XOM: 3-stop teleportation journey
  1028 | D:2      | Killed Natasha
  1029 | D:2      | Reached skill level 1 in Shapeshifting
  1029 | D:2      | Reached XP level 4. HP: 41/41 MP: 5/5
  1043 | D:2      | XOM: 2-stop teleportation journey
  1199 | D:2      | Noticed Natasha
  1204 | D:2      | Killed Natasha
  1205 | D:2      | Reached skill level 1 in Conjurations
  1205 | D:2      | Reached skill level 1 in Hexes
  1205 | D:2      | Reached skill level 1 in Summonings
  1205 | D:2      | Reached skill level 1 in Necromancy
  1205 | D:2      | Reached skill level 1 in Translocations
  1205 | D:2      | Reached skill level 1 in Transmutations
  1205 | D:2      | Reached skill level 1 in Fire Magic
  1205 | D:2      | Reached skill level 1 in Ice Magic
  1205 | D:2      | Reached skill level 1 in Air Magic
  1205 | D:2      | Reached skill level 1 in Earth Magic
  1205 | D:2      | Reached skill level 1 in Poison Magic
  1218 | D:2      | Reached XP level 5. HP: 47/47 MP: 6/6
  1324 | D:2      | Noticed Natasha
  1331 | D:2      | Killed Natasha
  1860 | D:3      | XOM: torment (25/47 hp)
  2117 | D:4      | Found a glowing drain.
  2133 | Sewer    | Entered a sewer
  2199 | Sewer    | Noticed Pargi
  2200 | Sewer    | XOM: give mutations
  2200 | Sewer    | Gained mutation: You are partially covered in iridescent
                  | scales. (AC +2) [Xom's mischief]
  2200 | Sewer    | Gained mutation: Your muscles are strong. (Str +4, Int/Dex
                  | -1) [Xom's mischief]
  2210 | Sewer    | Killed Pargi
  2211 | Sewer    | Reached skill level 5 in Armour
  2211 | Sewer    | Reached XP level 6. HP: 44/53 MP: 8/8
  2314 | D:4      | XOM: confusion (+ monsters)
  2317 | D:4      | XOM: confusion (+ monsters)
  2322 | D:4      | Reached XP level 7. HP: 45/59 MP: 10/10
  2344 | D:4      | XOM: cloud trail
  2398 | D:4      | Noticed Ijyb
  2415 | D:4      | Killed Ijyb
  2435 | D:4      | Your ally Ijyb died
  2744 | D:4      | Noticed a steam dragon
  2754 | D:4      | XOM: fake destruction
  2755 | D:4      | XOM: god gift: 683 gold pieces
  2756 | D:4      | Killed a steam dragon
  2848 | D:4      | Found a radiant altar of Vehumet.
  2944 | D:4      | Found a glowing golden altar of the Shining One.
  2993 | D:4      | XOM: god gift: tubular onyx ring {god gift}
  3205 | D:5      | Entered Level 5 of the Dungeon
  3375 | D:5      | Noticed Duvessa
  3375 | D:5      | Noticed Dowan
  3396 | D:5      | Killed Duvessa
  3397 | D:5      | Reached XP level 8. HP: 60/67 MP: 12/12
  3397 | D:5      | Killed Dowan
  3512 | D:5      | Found a runed translucent door.
  3513 | D:5      | Noticed strontium90w's ghost (amateur TrAE)
  3513 | D:5      | Noticed an unseen horror
  3754 | D:5      | XOM: god gift: +2 quarterstaff of chaos
  3996 | D:5      | XOM: cleaving
  4037 | D:5      | XOM: divination: detect creatures
  4353 | D:6      | XOM: give mutation
  4353 | D:6      | Gained mutation: You are covered in fur. (AC +1) [Xom's
                  | grace]
  4431 | D:6      | Found a staircase to the Ecumenical Temple.
  4662 | D:6      | XOM: give mutation
  4662 | D:6      | Gained mutation: You expend magic power (3 MP) to
                  | strengthen your wands. [Xom's grace]
  4769 | D:6      | XOM: god gift: 32 gold pieces
  4784 | D:6      | XOM: cloud trail
  4886 | D:6      | XOM: god gift: 43 gold pieces
  4915 | D:7      | XOM: give mutations
  4915 | D:7      | Gained mutation: You are frail. (-10% HP) [Xom's mischief]
  4915 | D:7      | Lost mutation: You expend magic power (3 MP) to strengthen
                  | your wands. [Xom's mischief]
  4915 | D:7      | Gained mutation: You expend magic power (3 MP) to
                  | strengthen your wands. [Xom's mischief]
  4915 | D:7      | Gained mutation: You are dopey. (Int -2) [Xom's mischief]
  5049 | D:7      | XOM: cleaving
  5074 | D:7      | Reached XP level 9. HP: 58/65 MP: 14/14
  5130 | D:7      | Noticed Jeremiah
  5236 | D:7      | XOM: summons 9 friendly demons
  5361 | D:7      | Found an ornate altar of the Wu Jian Council.
  5370 | D:7      | Found a sparkling altar of Nemelex Xobeh.
  5443 | D:7      | XOM: 1-stop teleportation journey
  5480 | D:7      | XOM: god gift: 60 gold pieces
  5506 | D:7      | XOM: summons 5 hostile demons
  5507 | D:7      | Noticed a rust devil
  5507 | D:7      | Noticed a hellwing
  5754 | D:7      | Killed Jeremiah
  5755 | D:7      | Reached skill level 5 in Dodging
  5948 | D:8      | XOM: cleaving
  6002 | D:8      | Noticed Maurice
  6030 | D:7      | XOM: give mutations
  6030 | D:7      | Gained mutation: You passively map a small area around you.
                  | [Xom's mischief]
  6030 | D:7      | Gained mutation: You are very dopey. (Int -4) [Xom's
                  | mischief]
  6036 | D:7      | XOM: potion effect (might)
  6048 | D:8      | Noticed Joseph
  6048 | D:8      | Noticed Amaemon
  6050 | D:8      | Noticed an orange demon
  6106 | D:8      | Killed Maurice
  6107 | D:8      | Reached skill level 5 in Invocations
  6159 | D:8      | XOM: potion effect (curing)
  6166 | D:8      | Killed Amaemon
  6167 | D:8      | Reached skill level 5 in Short Blades
  6167 | D:8      | Reached skill level 5 in Long Blades
  6167 | D:8      | Reached skill level 5 in Axes
  6167 | D:8      | Reached skill level 5 in Maces & Flails
  6167 | D:8      | Reached skill level 5 in Staves
  6167 | D:8      | Reached skill level 5 in Ranged Weapons
  6167 | D:8      | Reached skill level 5 in Throwing
  6167 | D:8      | Reached skill level 5 in Stealth
  6167 | D:8      | Reached skill level 5 in Shields
  6167 | D:8      | Reached skill level 5 in Unarmed Combat
  6167 | D:8      | Reached skill level 5 in Spellcasting
  6167 | D:8      | Reached skill level 5 in Evocations
  6167 | D:8      | Reached XP level 10. HP: 57/72 MP: 17/17
  6167 | D:8      | XOM: summons 3 friendly demons
  6172 | D:8      | Killed an orange demon
  6174 | D:8      | Identified the +1 tower shield of the Ego {Int+6}
  6243 | D:8      | Found a burning altar of Makhleb.
  6274 | D:8      | XOM: summons 5 friendly demons
  6285 | D:8      | XOM: god gift: leather armour {god gift}
  6350 | D:8      | Reached skill level 5 in Shapeshifting
  6362 | D:8      | Found a staircase to the Lair.
  6531 | D:8      | XOM: scenery: create altars
  6538 | D:8      | XOM: fog
  6540 | D:8      | XOM: confuse monster(s)
  6551 | D:8      | XOM: cleaving
  6586 | D:8      | XOM: scenery: create altars
  6620 | D:8      | Found a shimmering blue altar of Sif Muna.
  6691 | D:8      | XOM: give mutation
  6691 | D:8      | Gained mutation: You have a pair of small horns on your
                  | head. [Xom's grace]
  6711 | D:8      | XOM: fog
  6717 | D:8      | Killed Joseph
  6764 | D:8      | Identified the +0 hand axe of the Distant Future {pain,
                  | rElec Will+ Str+5 Dex+4}
  6823 | D:9      | Reached XP level 11. HP: 78/78 MP: 19/19
  6825 | D:9      | XOM: enchant monster (good)
  6836 | D:9      | Reached skill level 5 in Conjurations
  6836 | D:9      | Reached skill level 5 in Hexes
  6836 | D:9      | Reached skill level 5 in Summonings
  6836 | D:9      | Reached skill level 5 in Necromancy
  6836 | D:9      | Reached skill level 5 in Translocations
  6836 | D:9      | Reached skill level 5 in Transmutations
  6836 | D:9      | Reached skill level 5 in Fire Magic
  6836 | D:9      | Reached skill level 5 in Ice Magic
  6836 | D:9      | Reached skill level 5 in Air Magic
  6836 | D:9      | Reached skill level 5 in Earth Magic
  6836 | D:9      | Reached skill level 5 in Poison Magic
  6911 | D:9      | Noticed a two-headed ogre
  6928 | D:9      | Killed a two-headed ogre
  7119 | D:9      | XOM: scenery: create altars
  7121 | D:9      | XOM: summons 7 friendly demons
  7136 | D:9      | XOM: polymorph ufetubus -> shadow imp
  7208 | D:9      | XOM: fog
  7213 | D:9      | XOM: give mutations
  7213 | D:9      | Gained mutation: You have an increased reservoir of magic.
                  | (+10% MP) [Xom's grace]
  7213 | D:9      | Gained mutation: You possess an exceptional clarity of
                  | mind. [Xom's grace]
  7438 | D:9      | XOM: cast spell 'Alistair's Intoxication'
  7528 | D:9      | XOM: summons friendly crimson imp
  7621 | D:9      | Found a snail-covered altar of Cheibriados.
  7883 | D:10     | Entered Level 10 of the Dungeon
  7966 | D:10     | Identified the amulet "Leguolon" {Acrobat rElec} (Xom
                  | gifted it to you on level 10 of the Dungeon)
  7966 | D:10     | XOM: god gift: amulet "Leguolon" {Acrobat rElec}
  8032 | D:10     | Noticed Maggie
  8035 | D:10     | XOM: scenery: summon butterflies
  8043 | D:10     | Killed Maggie
  8090 | D:10     | Found Maczi's Distillery.
  8098 | D:10     | Bought a potion of curing for 48 gold pieces
  8098 | D:10     | Bought a potion of enlightenment for 80 gold pieces
  8098 | D:10     | Bought a potion of mutation for 128 gold pieces
  8098 | D:10     | Bought a potion of might for 64 gold pieces
  8098 | D:10     | Bought a potion of enlightenment for 80 gold pieces
  8098 | D:10     | Bought a potion of attraction for 48 gold pieces
  8098 | D:10     | Bought a potion of heal wounds for 80 gold pieces
  8131 | D:10     | XOM: 1-stop teleportation journey
  8265 | D:10     | XOM: god gift: +6 Majin-Bo {spellvamp, MP+6 Int+6}
  8266 | D:10     | Found the +6 Majin-Bo {spellvamp, MP+6 Int+6}
  8637 | D:10     | XOM: god gift: 15 gold pieces
  8754 | D:11     | XOM: divination: detect items
  8802 | D:11     | Noticed Urug
  8818 | D:11     | Killed Urug
  8883 | D:11     | Noticed a cyclops
  8888 | D:11     | Killed a cyclops
  8934 | D:11     | XOM: god gift: robe {god gift}
  9014 | D:11     | Noticed Psyche
  9019 | D:11     | Killed Psyche
  9051 | D:11     | Found a staircase to the Orcish Mines.
  9175 | D:11     | Reached XP level 12. HP: 80/86 MP: 24/24
  9195 | D:11     | XOM: confuse monster(s)
  9495 | Lair:1   | Entered Level 1 of the Lair of Beasts
  9649 | Lair:1   | Found a gate leading to a gauntlet.
  9687 | Gauntlet | Entered a Gauntlet
  9687 | Gauntlet | Found a transporter.
  9687 | Gauntlet | Found a transporter.
  9688 | Gauntlet | Found a transporter.
  9691 | Gauntlet | Found a transporter.
  9691 | Gauntlet | Found a transporter.
  9692 | Gauntlet | Found a transporter.
  9700 | Gauntlet | Found a transporter.
  9701 | Gauntlet | Found a transporter.
  9702 | Gauntlet | Found a transporter.
  9703 | Gauntlet | Found a transporter.
  9712 | Gauntlet | Found a transporter.
  9715 | Gauntlet | Found a transporter.
  9718 | Gauntlet | XOM: cloud trail
  9724 | Gauntlet | XOM: summons 2 hostile shadow creatures
  9727 | Gauntlet | Noticed a merfolk aquamancer
  9729 | Gauntlet | Noticed a merfolk aquamancer
  9785 | Gauntlet | XOM: god gift: wand of digging (5)
  9844 | Gauntlet | Found a runed translucent door.
  9896 | Gauntlet | XOM: scenery: create altars
  9944 | Gauntlet | XOM: fog
  9980 | Gauntlet | Identified the +2 hat "Negoso" {Contam Harm rC- Stlth+}
 10000 | Gauntlet | Noticed a minotaur
 10005 | Gauntlet | XOM: potion effect (brilliance)
 10006 | Gauntlet | XOM: smoke on damage
 10011 | Gauntlet | XOM: silly message
 10015 | Gauntlet | XOM: potion effect (heal wounds)
 10016 | Gauntlet | Killed a minotaur
 10017 | Gauntlet | Reached skill level 10 in Fighting
 10017 | Gauntlet | Reached skill level 10 in Polearms
 10024 | Gauntlet | Got the Parchment of Arson and Attacks
 10107 | Lair:1   | XOM: scenery: create altars
 10186 | Lair:1   | XOM: god gift: scroll of noise
 10420 | Lair:1   | XOM: give mutations
 10420 | Lair:1   | Lost mutation: You expend magic power (3 MP) to strengthen
                  | your wands. [Xom's mischief]
 10420 | Lair:1   | Lost mutation: You passively map a small area around you.
                  | [Xom's mischief]
 10420 | Lair:1   | Lost mutation: You are very dopey. (Int -4) [Xom's
                  | mischief]
 10420 | Lair:1   | Lost mutation: Your muscles are strong. (Str +4, Int/Dex
                  | -1) [Xom's mischief]
 10451 | Lair:1   | XOM: summons 1 hostile shadow creature
 10457 | Lair:1   | XOM is BORED!
 10457 | Lair:1   | XOM: polymorph cane toad -> fire crab
 10704 | Lair:1   | XOM: silly message
 10872 | Lair:2   | Noticed Erica
 10883 | Lair:2   | Killed Erica
 10934 | Lair:2   | XOM: divination: detect creatures
 10981 | Lair:2   | XOM: divination: detect creatures
 10987 | Lair:2   | XOM: enchant monster (bad)
 11022 | Lair:2   | Noticed a skyshark
 11028 | Lair:2   | XOM: noise
 11041 | Lair:2   | Killed a skyshark
 11059 | Lair:2   | a yak changed into an entropy weaver
 11059 | Lair:2   | Noticed an entropy weaver
 11059 | Lair:2   | XOM: polymorph yak -> entropy weaver
 11067 | Lair:2   | XOM: summons friendly quasit
 11553 | Lair:2   | Learned a level 3 spell: Mephitic Cloud
 11803 | Lair:2   | XOM: summons friendly crimson imp
 11808 | Lair:2   | Killed an entropy weaver
 11964 | Lair:3   | XOM: noise
 12039 | Lair:3   | Found a hole to the Spider Nest.
 12049 | Lair:3   | Reached XP level 13. HP: 66/93 MP: 27/27
 12140 | Lair:3   | XOM: fog
 12165 | Lair:3   | Found a staircase to the Swamp.
 12254 | Lair:3   | Found a transporter.
 12255 | Lair:3   | Noticed Dikli's ghost (journeyman MiBe)
 12281 | Lair:3   | XOM: 1-stop teleportation journey
 12482 | Lair:3   | XOM: cloud trail
 12645 | Lair:3   | Found a transporter.
 12952 | Lair:3   | XOM: cast spell 'Leda's Liquefaction'
 12956 | Lair:3   | XOM: fake destruction
 13023 | Lair:3   | XOM: give mutations
 13023 | Lair:3   | Lost mutation: You are frail. (-10% HP) [Xom's grace]
 13023 | Lair:3   | Gained mutation: You expend magic power (3 MP) to
                  | strengthen your wands. [Xom's grace]
 13232 | Lair:4   | XOM: divination: detect creatures
 13360 | Lair:4   | XOM: summons friendly iron imp
 13367 | Lair:4   | XOM: summons 13 friendly demons
 13541 | Lair:4   | XOM: 1-stop teleportation journey
 13755 | Lair:4   | Found an opulent altar of Gozag.
 13773 | Lair:4   | XOM: noise
 13880 | Lair:4   | XOM: silly message
 14224 | Lair:4   | XOM: summons 7 hostile demons
 14387 | Lair:5   | Entered Level 5 of the Lair of Beasts
 14463 | Lair:5   | XOM: 2-stop teleportation journey
 14468 | Lair:5   | XOM: enchant monster (bad)
 14469 | Lair:5   | XOM: blink monster(s)
 14490 | Lair:5   | Reached skill level 10 in Armour
 14527 | Lair:5   | XOM: swap monsters
 14586 | Lair:5   | XOM: cast spell 'Summon Dragon'
 14591 | Lair:5   | Reached XP level 14. HP: 113/113 MP: 11/29
 14753 | Lair:5   | XOM: give mutations
 14753 | Lair:5   | Gained mutation: You are agile. (Dex +4, Str/Int -1) [Xom's
                  | mischief]
 14753 | Lair:5   | Gained mutation: Your flesh is heat resistant. (rF+) [Xom's
                  | mischief]
 14753 | Lair:5   | Lost mutation: Your flesh is heat resistant. (rF+) [Xom's
                  | mischief]
 14790 | Lair:5   | XOM: potion effect (magic)
 14945 | Lair:5   | Reached skill level 10 in Invocations
 15076 | Lair:5   | XOM: polymorph steam dragon -> acid dragon
 15186 | Lair:5   | XOM: silly message
 15727 | Lair:5   | Identified the +8 war axe of Gallantry {flame, Drain rF-
                  | Str+8 SInv}
 15735 | Lair:5   | XOM: summons 4 hostile shadow creatures
 15801 | Lair:5   | XOM: cast spell 'Summon Hydra'
 15809 | Lair:5   | XOM: summons 3 hostile shadow creatures
 15867 | Lair:5   | XOM: summons 5 hostile demons
 15904 | Lair:5   | Identified the +5 trident "Zoschaeby" {spect, +Blink Fly
                  | Int+4}
 15949 | Lair:5   | Found a viscous altar of Jiyva.
 15950 | Lair:5   | Found a staircase to the Slime Pits.
 16348 | Orc:1    | Entered Level 1 of the Orcish Mines
 16367 | D:11     | XOM: polymorph warg -> hog
 16398 | Orc:1    | XOM: 1-stop teleportation journey
 16399 | Orc:1    | XOM: swap monsters
 16415 | Orc:1    | XOM: blink monster(s)
 16746 | Orc:2    | Entered Level 2 of the Orcish Mines
 16804 | Orc:2    | Found a staircase to the Elven Halls.
 16844 | Orc:2    | XOM: scenery: create altars
 16848 | Orc:2    | XOM: swap monsters
 16852 | Orc:2    | XOM: chaos upgrade
 16857 | Orc:2    | Reached skill level 10 in Dodging
 16865 | Orc:2    | XOM: noise
 16893 | Orc:2    | XOM: noise
 16908 | Orc:2    | XOM: stat loss: -1 Dex (14/15)
 16973 | Orc:2    | Found Zanaps's Distillery.
 16987 | Orc:2    | XOM: summons 1 hostile shadow creature
 17021 | Orc:2    | Found Tuxedep's Antique Armour Shop.
 17047 | Orc:2    | Bought a potion of heal wounds for 80 gold pieces
 17047 | Orc:2    | Bought a potion of curing for 48 gold pieces
 17049 | Orc:2    | Found Coaxush's Book Emporium.
 17050 | Orc:2    | Found Umnypsak's Armour Shoppe.
 17090 | Orc:2    | Noticed Azrael
 17211 | Orc:2    | XOM: noise
 17215 | Orc:2    | XOM: destruction
 17240 | Orc:2    | Killed Azrael
 17246 | Orc:2    | Reached XP level 15. HP: 84/120 MP: 31/31
 17323 | Orc:2    | XOM: noise
 17608 | Orc:2    | Noticed strontium90w's ghost (journeyman DsGl)
 17610 | Orc:2    | Found a bloodstained altar of Trog.
 17617 | Orc:2    | Found a transporter.
 17633 | Orc:2    | Found a transporter.
 17692 | Orc:2    | XOM: cleaving
 17776 | Orc:2    | Reached skill level 10 in Short Blades
 17776 | Orc:2    | Reached skill level 10 in Long Blades
 17776 | Orc:2    | Reached skill level 10 in Axes
 17776 | Orc:2    | Reached skill level 10 in Maces & Flails
 17776 | Orc:2    | Reached skill level 10 in Staves
 17776 | Orc:2    | Reached skill level 10 in Ranged Weapons
 17776 | Orc:2    | Reached skill level 10 in Throwing
 17776 | Orc:2    | Reached skill level 10 in Stealth
 17776 | Orc:2    | Reached skill level 10 in Shields
 17776 | Orc:2    | Reached skill level 10 in Unarmed Combat
 17776 | Orc:2    | Reached skill level 10 in Spellcasting
 17776 | Orc:2    | Reached skill level 10 in Evocations
 17886 | Orc:2    | XOM: god gift: Xom's Vellum of the Onion {god gift}
 17887 | Orc:2    | Got Xom's Vellum of the Onion {god gift}
 17911 | Orc:2    | Learned a level 3 spell: Portal Projectile
 18035 | Orc:2    | XOM: god gift: mace {god gift}
 18074 | Orc:2    | Bought a shimmering plate armour for 532 gold pieces
 18074 | Orc:2    | Identified the +0 plate armour of Wasted Space {Will+} (You
                  | bought it in a shop on level 2 of the Orcish Mines)
 18085 | Orc:2    | Bought a book of the Earth for 468 gold pieces
 18090 | Orc:2    | Learned a level 4 spell: Leda's Liquefaction
 18181 | D:10     | Noticed Snorg
 18196 | D:10     | Killed Snorg
 18297 | Lair:2   | XOM: cloud trail
 18321 | Swamp:1  | Entered Level 1 of the Swamp
 18488 | Swamp:1  | XOM: god gift: 38 gold pieces
 18525 | Swamp:1  | Identified the +6 falchion of Gluttony {freeze, rC- Will++}
 18722 | Swamp:1  | XOM: cleaving
 18806 | Swamp:2  | XOM: confuse monster(s)
 18808 | Swamp:2  | XOM: divine lightning
 18839 | Swamp:2  | XOM: polymorph spriggan rider -> skyshark
 18963 | Swamp:2  | XOM: divination: detect items
 19222 | Swamp:2  | Reached XP level 16. HP: 127/127 MP: 33/33
 19350 | Swamp:2  | XOM: give mutations
 19350 | Swamp:2  | Gained mutation: You have sharp toenails. [Xom's grace]
 19350 | Swamp:2  | Gained mutation: Your system is resistant to poisons.
                  | (rPois) [Xom's grace]
 19350 | Swamp:2  | Gained mutation: You have a considerably increased
                  | reservoir of magic. (+20% MP) [Xom's grace]
 19350 | Swamp:2  | Gained mutation: You are somewhat resistant to further
                  | mutation. [Xom's grace]
 19375 | Swamp:2  | XOM: potion effect (curing)
 19428 | Swamp:2  | XOM: summons 7 hostile demons
 19763 | Swamp:2  | XOM: cloud trail
 20155 | Swamp:3  | Learned a level 1 spell: Apportation
 20301 | Swamp:4  | Entered Level 4 of the Swamp
 20306 | Swamp:4  | XOM: repel stairs
 20395 | Swamp:4  | XOM: noise
 20545 | Swamp:4  | XOM: enchant monster (bad)
 20550 | Swamp:4  | XOM: swap monsters
 20553 | Swamp:4  | Reached skill level 10 in Shapeshifting
 20569 | Swamp:4  | XOM: 1-stop teleportation journey
 20629 | Swamp:4  | XOM: noise
 20660 | Swamp:3  | XOM: noise
 20671 | Swamp:3  | XOM: summons 1 hostile shadow creature
 20936 | Swamp:4  | Reached XP level 17. HP: 128/135 MP: 30/38
 20952 | Swamp:4  | XOM: potion effect (brilliance)
 20957 | Swamp:4  | XOM: smoke on damage
 21090 | Swamp:2  | XOM: 4-stop teleportation journey
 21580 | Swamp:4  | XOM: scenery: summon butterflies
 21880 | Swamp:4  | XOM: confuse monster(s)
 21919 | Swamp:4  | XOM: give mutations
 21919 | Swamp:4  | Gained mutation: Your muscles are strong. (Str +4, Int/Dex
                  | -1) [Xom's grace]
 21919 | Swamp:4  | Gained mutation: You have supernaturally acute eyesight.
                  | (SInv) [Xom's grace]
 21919 | Swamp:4  | Lost mutation: You are dopey. (Int -2) [Xom's grace]
 21928 | Swamp:4  | Found a basalt altar of Yredelemnul.
 21995 | Swamp:4  | XOM: enchant monster (good)
 22025 | Swamp:4  | Found a blossoming altar of Fedhas.
 22031 | Swamp:4  | XOM: divine lightning
 22304 | Swamp:4  | Got a decaying rune of Zot
 22328 | Swamp:4  | XOM: give mutations
 22328 | Swamp:4  | Lost mutation: You are agile. (Dex +4, Str/Int -1) [Xom's
                  | mischief]
 22328 | Swamp:4  | Lost mutation: You are covered in fur. (AC +1) [Xom's
                  | mischief]
 22399 | Spider:1 | Entered Level 1 of the Spider Nest
 22503 | Spider:1 | XOM: god gift: robe {god gift}
 22593 | Spider:1 | XOM: smoke on damage
 22594 | Spider:1 | Noticed Mlioglotl
 22606 | Spider:1 | Killed Mlioglotl
 22622 | Spider:1 | XOM: summons 6 friendly demons
 22724 | Spider:1 | XOM: god gift: book of the Warp
 22725 | Spider:1 | XOM: god gift: scroll of fog
 22728 | Spider:1 | XOM: cast spell 'Summon Mana Viper'
 22742 | Spider:1 | Learned a level 4 spell: Manifold Assault
 22779 | Spider:1 | XOM: god gift: +2 plate armour of fire resistance
 22850 | Spider:1 | XOM: 8-stop teleportation journey
 23004 | Spider:1 | XOM: polymorph demonic crawler -> apocalypse crab
 23228 | Spider:1 | XOM: divination: detect items
 23519 | Spider:1 | XOM: give mutation
 23519 | Spider:1 | Gained mutation: Your flesh is cold resistant. (rC+) [Xom's
                  | grace]
 23630 | Spider:2 | Learned a level 3 spell: Stone Arrow
 23645 | Spider:2 | XOM: polymorph culicivora -> tarantella
 23809 | Spider:2 | XOM: silly message
 23966 | Spider:2 | XOM: 1-stop teleportation journey
 24052 | Spider:2 | XOM: polymorph jumping spider -> swamp dragon
 24063 | Spider:2 | XOM: 1-stop teleportation journey
 24068 | Spider:2 | XOM: 2-stop teleportation journey
 24075 | Spider:2 | XOM: cleaving
 24087 | Spider:2 | XOM: destruction
 24091 | Spider:2 | XOM: cast spell 'Summon Small Mammal'
 24096 | Spider:2 | XOM: swap monsters
 24263 | Spider:1 | XOM: cleaving
 24266 | Spider:1 | XOM: confuse monster(s)
 24279 | Spider:2 | XOM: enchant monster (good)
 24360 | Spider:2 | XOM: give mutations
 24360 | Spider:2 | Lost mutation: You are somewhat resistant to further
                  | mutation. [Xom's grace]
 24360 | Spider:2 | Gained mutation: You have hidden genetic potential. [Xom's
                  | grace]
 24360 | Spider:2 | Gained mutation: You have a pair of horns on your head.
                  | [Xom's grace]
 24360 | Spider:2 | Gained mutation: You are mostly covered in iridescent
                  | scales. (AC +4) [Xom's grace]
 24360 | Spider:2 | Gained mutation: Your spells are a little harder to cast,
                  | but a little more powerful. [Xom's grace]
 24445 | Spider:2 | XOM: summons 16 friendly demons
 24457 | Spider:2 | Reached skill level 10 in Conjurations
 24457 | Spider:2 | Reached skill level 10 in Hexes
 24457 | Spider:2 | Reached skill level 10 in Summonings
 24457 | Spider:2 | Reached skill level 10 in Necromancy
 24457 | Spider:2 | Reached skill level 10 in Translocations
 24457 | Spider:2 | Reached skill level 10 in Transmutations
 24457 | Spider:2 | Reached skill level 10 in Fire Magic
 24457 | Spider:2 | Reached skill level 10 in Ice Magic
 24457 | Spider:2 | Reached skill level 10 in Air Magic
 24457 | Spider:2 | Reached skill level 10 in Earth Magic
 24457 | Spider:2 | Reached skill level 10 in Poison Magic
 24459 | Spider:2 | You fall into a shaft and drop 1 floor!
 24459 | Spider:3 | Noticed Aizul
 24461 | Spider:3 | XOM: summons friendly iron imp
 24481 | Spider:3 | XOM: fog
 24482 | Spider:3 | XOM: scenery: create altars
 24483 | Spider:3 | XOM: give mutations
 24483 | Spider:3 | Gained mutation: You are strong-willed. (Will+) [Xom's
                  | grace]
 24483 | Spider:3 | Gained mutation: You are resistant to electric shocks.
                  | (rElec) [Xom's grace]
 24483 | Spider:3 | Gained mutation: You passively map a small area around you.
                  | [Xom's grace]
 24489 | Spider:3 | XOM: summons friendly quasit
 24492 | Spider:3 | Killed Aizul
 24501 | Spider:3 | Reached XP level 18. HP: 53/144 MP: 2/40
 24731 | Spider:3 | XOM: scenery: summon butterflies
 24771 | Spider:2 | XOM: polymorph boulder beetle -> goliath frog
 24900 | Spider:2 | XOM: silly message
 25084 | Spider:3 | XOM: 2-stop teleportation journey
 25323 | Spider:3 | Identified the +0 chain mail of Hangman {+Inv rElec Int-5
                  | Stlth+}
 25616 | Spider:3 | Noticed Roxanne
 25804 | Spider:3 | XOM: god gift: glowing dagger {god gift}
 25816 | Spider:4 | Entered Level 4 of the Spider Nest
 25961 | Spider:4 | XOM: divine lightning
 25966 | Spider:4 | XOM: divine lightning
 25984 | Spider:4 | XOM: give mutations
 25984 | Spider:4 | Lost mutation: You have supernaturally acute eyesight.
                  | (SInv) [Xom's mischief]
 25984 | Spider:4 | Lost mutation: You have a pair of horns on your head.
                  | [Xom's mischief]
 26226 | Spider:4 | XOM: blink monster(s)
 26228 | Spider:4 | XOM: 4-stop teleportation journey
 26237 | Spider:4 | XOM: polymorph emperor scorpion -> something unseen
 26238 | Spider:4 | HP: 7/145 [something (3)]
 26238 | Spider:4 | Slain by a ghost moth

Illustrated notes

Levels and vault maps discovered:
D:1:      co_arrival_square_in_a_square_in_a_square, layout_basic,
          minmay_misc_feat_hallway
D:2:      layout_rooms, uniq_robin, uniq_natasha
D:3:      layout_basic, serial_park_tiny_pond
D:4:      layout_loops_corners, mainiacjoe_overflow_catch_the_wave,
          gup_sewer_entry_bubbles, nicolae_goblin_pals
D:5:      layout_loops_corners, ebering_ghost_inner_flame,
          nicolae_zen_rock_garden, uniq_ijyb, uniq_duvessa
D:6:      layout_loops_ring, minmay_temple_entry_mini_moons
D:7:      layout_cave_pods, mainiacjoe_overflow_big_doors, uniq_jeremiah
D:8:      layout_rooms, kennysheep_orc_sif_temple, overflow_temple_1_default,
          erik_lair_orcish_takeover, uniq_maurice, uniq_joseph, uniq_amaemon
D:9:      layout_rooms, mainiacjoe_overflow_concentric_impassable, serial_bayou,
          serial_bayou_crossing, serial_bayou_lake_a, serial_bayou_pond_b,
          serial_bayou_lagoon_a
D:10:     layout_basic, serial_shops, shop, minivault_24, uniq_snorg,
          uniq_maggie
D:11:     layout_loops_ring, minmay_orc_entry_temple_small, st_stairs_10,
          uniq_urug, uniq_psyche
Lair:1:   layout_cave_pods, gauntlet_entry_generic
Lair:2:   layout_hall_layers, serial_bayou_shore_a, uniq_erica
Lair:3:   layout_cave_pods, minmay_swamp_entry_eels, spider_nest_entry_rubble,
          gammafunk_ghost_hive
Lair:4:   layout_hall_layers, basic_altar, minivault_25, st_stairs_13,
          ldierk_geyser
Lair:5:   gammafunk_lair_ancient_temple, layout_cave_pods,
          dpeg_slime_entry_enclosed, infiniplex_staircase_pool_2
Swamp:1:  gammafunk_mikee_crab_dinner, layout_basic_swamp,
          evilmike_swamp_ruin_rubble_2
Swamp:2:  layout_basic_swamp, hangedman_swamp_lotus, swamp_pool1
Swamp:3:  layout_basic_swamp, nicolae_swamp_fairy_circle
Swamp:4:  byrel_swamp_growth_death_and_undeath, layout_basic_swamp, swamp_pool3,
          infiniplex_staircase_pool
Spider:1: layout_spider_delve, uniq_mlioglotl
Spider:2: layout_spider_delve
Spider:3: layout_spider_delve, nicolae_spider_baby_got_redback, uniq_aizul,
          uniq_roxanne
Spider:4: grunt_spider_rune_circles, drop_trap
Orc:1:    layout_caves, serial_shops, shop
Orc:2:    st_orc_open, layout_diamond_mine, gammafunk_ghost_wrathful_warriors,
          mines4_lemuel, uniq_azrael

Skill      XL: |  1  2  3  4  5  6  7  8  9 10 11 12 13 14 15 16 17 18 |
---------------+-------------------------------------------------------+-----
Invocations    | 1 2 3 4 5 6 7 8 9 10 11 12 13 | 13.1
Short Blades   | 1 2 3 5 6 8 9 10 11 12 | 12.1
Long Blades    | 1 2 3 5 6 8 9 10 11 12 | 12.1
Axes           | 1 2 3 5 6 8 9 10 11 12 | 12.1
Maces & Flails | 1 2 3 5 6 8 9 10 11 12 | 12.1
Staves         | 1 2 3 5 6 8 9 10 11 12 | 12.1
Ranged Weapons | 1 2 3 5 6 8 9 10 11 12 | 12.1
Throwing       | 1 2 3 5 6 8 9 10 11 12 | 12.1
Stealth        | 1 2 3 5 6 8 9 10 11 12 | 12.1
Shields        | 1 2 3 5 6 8 9 10 11 12 | 12.1
Unarmed Combat | 1 2 3 5 6 8 9 10 11 12 | 12.1
Spellcasting   | 1 2 3 5 6 8 9 10 11 12 | 12.1
Evocations     | 1 2 3 5 6 8 9 10 11 12 | 12.1
Shapeshifting  | 1 2 3 4 5 6 7 8 9 10 11 | 11.1
Conjurations   | 1 2 3 4 5 6 7 8 9 10 | 10.2
Hexes          | 1 2 3 4 5 6 7 8 9 10 | 10.2
Summonings     | 1 2 3 4 5 6 7 8 9 10 | 10.2
Necromancy     | 1 2 3 4 5 6 7 8 9 10 | 10.2
Translocations | 1 2 3 4 5 6 7 8 9 10 | 10.2
Transmutations | 1 2 3 4 5 6 7 8 9 10 | 10.2
Fire Magic     | 1 2 3 4 5 6 7 8 9 10 | 10.2
Ice Magic      | 1 2 3 4 5 6 7 8 9 10 | 10.2
Air Magic      | 1 2 3 4 5 6 7 8 9 10 | 10.2
Earth Magic    | 1 2 3 4 5 6 7 8 9 10 | 10.2
Poison Magic   | 1 2 3 4 5 6 7 8 9 10 | 10.2
Dodging        | 3 4 5 6 7 8 9 10 11 12 | 12.4
Armour         | 5 6 7 8 9 10 11 12 | 12.9
Fighting       | 7 8 9 10 11 12 13 | 13.6
Polearms       | 7 8 9 10 11 12 13 | 13.6

Action                     |  1- 3 |  4- 6 |  7- 9 | 10-12 | 13-15 | 16-18 || total
---------------------------+-------+-------+-------+-------+-------+-------++-------
  Melee: Spear             |    92 |   104 |    44 |       |       |       ||   240
         Bite              |     5 |     6 |    16 |    54 |   118 |   112 ||   311
         Trident           |       |       |   207 |   126 |       |       ||   333
         Hand axe          |       |       |       |   120 |     6 |       ||   126
         Headbutt          |       |       |       |    97 |   174 |   236 ||   507
         Bo                |       |       |       |   252 |   731 |   798 ||  1781
         Punch             |       |       |       |     2 |       |       ||     2
   Fire: Sling             |       |       |       |    79 |   320 |   306 ||   705
  Throw: Boomerang         |       |       |     4 |    15 |       |       ||    19
         Throwing net      |       |       |       |     2 |       |       ||     2
   Cast: Mephitic Cloud    |       |       |       |     2 |    68 |    56 ||   126
         Portal Projectile |       |       |       |       |     1 |       ||     1
         Leda's Liquefacti |       |       |       |       |       |    10 ||    10
         Manifold Assault  |       |       |       |       |       |    38 ||    38
  Evoke: Wand              |       |       |       |     2 |     3 |    56 ||    61
         Tin of tremorston |       |       |       |       |       |     4 ||     4
         Phantom mirror    |       |       |       |       |       |     2 ||     2
    Use: Potion            |       |     2 |     1 |     9 |     7 |    16 ||    35
         Scroll            |       |       |    13 |     7 |     8 |    15 ||    43
   Stab: Petrifying        |     2 |       |       |       |       |       ||     2
         Sleeping          |     1 |       |       |     1 |     3 |     4 ||     9
         Paralysed         |       |     6 |       |       |       |       ||     6
         Confused          |       |     1 |       |     5 |    36 |    27 ||    69
         Held in net/web   |       |       |       |     1 |       |       ||     1
         Distracted        |       |       |       |     2 |       |     1 ||     3
         Petrified         |       |       |       |       |     1 |       ||     1
 Armour: Leather armour    |    14 |     1 |       |       |       |       ||    15
         Chain mail        |       |    43 |    61 |   200 |       |       ||   304
         Plate armour      |       |       |    44 |       |       |       ||    44
         Steam dragon scal |       |       |       |     7 |   216 |   409 ||   632
  Dodge: Dodged            |    26 |    28 |    85 |   121 |   281 |   418 ||   959
  Block: Tower shield      |       |       |       |   216 |   643 |   684 ||  1543

Table legend: (Time is in decaauts)
 A = Elapsed time spent in this place.
 B = Non-inter-level travel time spent in this place.
 C = Inter-level travel time spent in this place.
 D = Time resting spent in this place.
 E = Time spent auto-exploring this place.
 F = Levels seen in this place.
 G = Mean time per level.
                   A        B        C        D        E       F      G
               +--------+--------+--------+--------+--------+-----+--------+
         Total |  26256 |  24545 |   1711 |   2117 |  15216 |  28 |  937.7 |
       Dungeon |   9616 |   8818 |    798 |    271 |   6465 |  11 |  874.2 |
          Lair |   6693 |   6242 |    451 |    195 |   4183 |   5 | 1338.6 |
         Swamp |   4051 |   3744 |    307 |    811 |   1687 |   4 | 1012.8 |
   Spider Nest |   3642 |   3598 |     44 |    830 |   1750 |   4 |  910.5 |
  Orcish Mines |   1747 |   1637 |    110 |      1 |   1088 |   2 |  873.5 |
         Sewer |    111 |    111 |      0 |      0 |     41 |   1 |  111.0 |
      Gauntlet |    394 |    394 |      0 |      7 |      0 |   1 |  394.0 |
               +--------+--------+--------+--------+--------+-----+--------+

Top non-repeatable levels by time:
  Lair:5: 1795 daAuts
 Swamp:4: 1540 daAuts
Spider:1: 1477 daAuts
  Lair:3: 1472 daAuts
   Orc:2: 1370 daAuts
  Lair:4: 1342 daAuts
 Swamp:2: 1170 daAuts
     D:9: 1164 daAuts
     D:7: 1090 daAuts
  Lair:1: 1081 daAuts
Spider:3: 1007 daAuts
  Lair:2: 1002 daAuts
     D:4: 999 daAuts
     D:5: 990 daAuts
    D:10: 967 daAuts
